[Event "Titled Tuesday Blitz June 13 Late 2023"]
[White "Kaplan, Avi Harrison"]
[Black "Hambleton, Aman"]
[WhiteFideId "30934559"]
[BlackFideId "2606577"]
[WhiteElo "1983"]
[BlackElo "2511"]
[Result "0-1"]
[Round "1"]
[TimeControl "180+2"]
[Date "2023.06.13"]
[WhiteClock "0:00:02"]
[BlackClock "0:00:04"]
[Board "67"]

1. Nf3 d5 2. c4 c6 3. b3 Bf5 4. Bb2 e6 5. g3 Nf6 6. Bg2 h6 7. O-O Be7 8. d3 O-O 9. Nbd2 Bh7 10. Rc1 a5 11. a3 Bd6 12. Rc2 Nbd7 13. Qa1 Re8 14. Rfc1 e5 15. cxd5 cxd5 16. h3 e4 17. Ne1 e3 18. fxe3 Bxg3 19. Nf1 Bd6 20. Bd4 Qe7 21. a4 Ba3 22. Bb2 Bb4 23. Nf3 Nh5 24. Rc7 Bd6 25. Rxb7 Ng3 26. Nxg3 Bxg3 27. Bd4 Qe6 28. Qb2 Nf6 29. Rb6 Qe7 30. Bxf6 Qxe3+ 31. Kh1 gxf6 32. Rxf6 Rac8 33. Rxc8 Rxc8 34. Ng1 Rc1 35. Rf1 Rxf1 36. Bxf1 Be5 37. Qc2 Bf5 38. Nf3 Qf2 39. Bg2 Bf4 40. Qd1 Qg3 41. Qf1 Be4 42. dxe4 dxe4 43. Qg1 Kf8 44. Ne1 Be3 45. Qf1 Bf4 46. Qg1 Be3 47. Qf1 Bd2 48. Nf3 Bf4 49. Qg1 exf3 50. Bxf3 Qxh3+ 51. Qh2 Qxh2# 0-1


[Site "https://www.chess.com"]

[Event "Titled Tuesday Blitz June 13 Late 2023"]
[White "Gadimbayli, Abdulla"]
[Black "KorolDimitriy75"]
[WhiteFideId "13404938"]
[WhiteElo "2386"]
[BlackElo "2440"]
[Result "1-0"]
[Round "1"]
[TimeControl "180+2"]
[Date "2023.06.13"]
[WhiteClock "0:00:36"]
[BlackClock "0:00:00"]
[Board "68"]

1. e4 c5 2. Nf3 d6 3. d4 cxd4 4. Nxd4 Nf6 5. Nc3 g6 6. f3 Bg7 7. Be3 O-O 8. Qd2 Nc6 9. O-O-O d5 10. exd5 Nxd5 11. Nxc6 bxc6 12. Bd4 e5 13. Bc5 Be6 14. Ne4 Rb8 15. Bc4 Qc7 16. Bd6 Qb6 17. Bxb8 Rxb8 18. Bb3 a5 19. a4 Ne3 20. Rde1 Nc4 21. Qc3 Bh6+ 22. Kb1 Bd5 23. Bxc4 Bxc4 24. Nf6+ Kh8 25. Qxe5 Bg7 26. Qxb8+ Qxb8 27. Re8+ Qxe8 28. Nxe8 Bd4 29. Rd1 c5 30. c3 Be3 31. Rd8 Bb3 32. Nf6+ Kg7 33. Ne4 Bxa4 34. Ra8 f5 35. Rxa5 fxe4 36. Rxa4 exf3 37. gxf3 Kf6 38. h3 Kf5 39. Kc2 h5 40. Kd3 Bf2 41. Re4 g5 42. b4 cxb4 43. cxb4 Bg1 44. b5 Bf2 45. Kc4 1-0


[Site "https://www.chess.com"]

[Event "Titled Tuesday Blitz June 13 Late 2023"]
[White "QuiesPrecatio"]
[Black "Vakhlamov, Igor L."]
[BlackFideId "24126748"]
[WhiteElo "2440"]
[BlackElo "2407"]
[Result "0-1"]
[Round "1"]
[TimeControl "180+2"]
[Date "2023.06.13"]
[WhiteClock "0:00:33"]
[BlackClock "0:01:03"]
[Board "69"]

1. d4 d5 2. c4 e6 3. Nc3 c5 4. cxd5 cxd4 5. Qa4+ Bd7 6. Qxd4 exd5 7. Qxd5 Nf6 8. Qd1 Bc5 9. e3 O-O 10. Nf3 Qe7 11. Be2 Rd8 12. Qc2 Nc6 13. a3 Rac8 14. O-O Ne5 15. Bd2 Bc6 16. Rfd1 Nxf3+ 17. Bxf3 Bxf3 18. gxf3 Qe5 19. f4 Qh5 20. Kg2 Qg4+ 21. Kf1 Qf3 22. Be1 Ng4 23. Rxd8+ Rxd8 24. Qe4 Nxe3+ 25. Kg1 Qg4+ 26. Kh1 Qh3 27. Bd2 Ng4 28. Qg2 Nxf2+ 0-1


[Site "https://www.chess.com"]

[Event "Titled Tuesday Blitz June 13 Late 2023"]
[White "Perez Ponsa, Federico"]
[Black "Garmendiarov"]
[WhiteFideId "117927"]
[WhiteElo "2590"]
[BlackElo "2439"]
[Result "1-0"]
[Round "1"]
[TimeControl "180+2"]
[Date "2023.06.13"]
[WhiteClock "0:01:38"]
[BlackClock "0:00:01"]
[Board "70"]

1. e4 c5 2. Nf3 e6 3. d4 cxd4 4. Nxd4 Bc5 5. Be3 Qb6 6. Na3 Nc6 7. Nc4 Qc7 8. Nb5 Qd8 9. Bxc5 Nge7 10. Nbd6+ Kf8 11. Qf3 f6 12. Qh5 g6 13. Qh6+ Kg8 14. O-O-O Qf8 15. Qxf8+ Kxf8 16. f4 b6 17. Ba3 Ba6 18. h4 h5 19. Ne3 Bxf1 20. Rhxf1 Kg7 21. Nb5 d5 22. exd5 exd5 23. Nxd5 Nf5 24. Rfe1 a6 25. Nbc7 Ra7 26. b3 Rc8 27. Ne6+ Kf7 28. Nxb6 Rb8 29. Nc4 Nce7 30. Nd6+ Nxd6 31. Bxd6 Rb6 32. Nd8+ Kg7 33. Bxe7 1-0


[Site "https://www.chess.com"]

[Event "Titled Tuesday Blitz June 13 Late 2023"]
[White "Bellissimo, Joseph F."]
[Black "Fernandez Guillen, Ernesto J."]
[WhiteFideId "2609843"]
[BlackFideId "3512428"]
[WhiteElo "2103"]
[BlackElo "2434"]
[Result "1/2-1/2"]
[Round "1"]
[TimeControl "180+2"]
[Date "2023.06.13"]
[WhiteClock "0:00:16"]
[BlackClock "0:00:09"]
[Board "71"]

1. e4 e5 2. Nf3 Nc6 3. Bc4 g6 4. d4 exd4 5. Ng5 Nh6 6. c3 Bg7 7. O-O O-O 8. cxd4 Nxd4 9. Nc3 Ne6 10. h4 d6 11. Qb3 Nxg5 12. Bxg5 Qd7 13. Nd5 Ng4 14. f3 h6 15. Be7 c6 16. Bxf8 Bd4+ 17. Kh1 cxd5 18. Bxd5 Ne3 19. Bxh6 Nxf1 20. Rxf1 Qe7 21. Bg5 Bf6 22. Bxf7+ Kg7 23. Bg8 Bxg5 24. hxg5 Bd7 25. Bd5 Qxg5 26. Qc3+ Qf6 27. Qxf6+ Kxf6 28. Rc1 Rh8+ 29. Kg1 Bc6 30. Bxc6 Rc8 31. Kf2 bxc6 32. Ke3 Ke6 33. Kd4 c5+ 34. Ke3 Rh8 35. Rc2 g5 36. g3 Rh3 37. Rg2 Rh1 38. f4 g4 39. Kd3 Rd1+ 40. Kc4 Rd4+ 41. Kb5 Rxe4 42. b3 Re3 43. Kc6 Rd3 44. Kb7 Kf5 45. Kxa7 d5 46. Kb6 c4 47. bxc4 dxc4 48. a4 c3 49. a5 Ke4 50. a6 Kf3 51. a7 Kxg2 52. a8=Q+ Kxg3 53. f5 Rf3 54. Qd5 c2 55. Qe5+ Kh3 56. Qc5 Rxf5 57. Qxc2 Rf3 58. Kc5 g3 59. Qh7+ Kg2 60. Kd4 Rf2 61. Ke3 Kg1 62. Qh4 Kg2 63. Qg4 Kh2 64. Qh4+ Kg2 65. Qh5 Kg1 66. Qh6 Kg2 67. Qh4 Rf3+ 68. Ke2 Rf2+ 69. Ke1 Rf1+ 70. Ke2 Rf2+ 71. Ke3 Rf3+ 72. Ke4 Rf2 73. Ke3 1/2-1/2


[Site "https://www.chess.com"]

[Event "Titled Tuesday Blitz June 13 Late 2023"]
[White "Erdogmus, Yagiz Kaan"]
[Black "Ammar, Sedrani"]
[WhiteFideId "44599790"]
[BlackFideId "9312331"]
[WhiteElo "2359"]
[BlackElo "2115"]
[Result "1-0"]
[Round "1"]
[TimeControl "180+2"]
[Date "2023.06.13"]
[WhiteClock "0:01:23"]
[BlackClock "0:01:45"]
[Board "72"]

1. d4 Nf6 2. c4 e6 3. Nf3 Be7 4. Nc3 d5 5. Bf4 O-O 6. e3 Bd6 7. Bg3 Re8 8. c5 Bxg3 9. hxg3 b6 10. b4 a5 11. a3 axb4 12. axb4 Rxa1 13. Qxa1 bxc5 14. bxc5 Ne4 15. Nxe4 dxe4 16. Nd2 e5 17. dxe5 Nc6 18. Rg1 Nxe5 19. Qc3 Bf5 20. Be2 Qa8 21. Nb3 Qa3 22. Kd2 Rd8+ 23. Nd4 Rb8 24. Qxa3 1-0


[Site "https://www.chess.com"]

[Event "Titled Tuesday Blitz June 13 Late 2023"]
[White "Kubatko, Ivan"]
[Black "Najer, Evgeniy"]
[WhiteFideId "24111473"]
[BlackFideId "4118987"]
[WhiteElo "2285"]
[BlackElo "2545"]
[Result "0-1"]
[Round "1"]
[TimeControl "180+2"]
[Date "2023.06.13"]
[WhiteClock "0:00:05"]
[BlackClock "0:00:03"]
[Board "73"]

1. e4 c6 2. d4 d5 3. exd5 cxd5 4. c4 Nf6 5. Nc3 Nc6 6. Bg5 Be6 7. a3 g6 8. Bxf6 exf6 9. b4 Bg7 10. c5 O-O 11. Nf3 Bg4 12. Be2 f5 13. O-O Re8 14. Ra2 Qd7 15. h3 Bh5 16. Rd2 Rad8 17. Nb5 Bf8 18. Nc3 a6 19. Qb1 Bh6 20. Rdd1 Rxe2 21. Nxe2 Bxf3 22. gxf3 Qe7 23. Qd3 Qg5+ 24. Kh1 Qh4 25. Ng1 Bf4 26. Kg2 Bc7 27. Rfe1 Qg5+ 28. Kf1 Bh2 29. Ne2 Re8 30. f4 Qh4 31. Qf3 Re4 32. Kg2 Bxf4 33. Ng3 Qg5 34. Rxe4 fxe4 35. Qg4 Qf6 36. Ne2 Bh6 37. Qc8+ Kg7 38. Qg4 Ne7 39. h4 Nf5 40. h5 Nh4+ 41. Kf1 Nf3 42. Ng1 Nh2+ 43. Ke2 Nxg4 44. hxg6 Qxf2# 0-1


[Site "https://www.chess.com"]

[Event "Titled Tuesday Blitz June 13 Late 2023"]
[White "Lobanov, Sergei"]
[Black "Carlstedt, Jonathan"]
[WhiteFideId "24183750"]
[BlackFideId "24614386"]
[WhiteElo "2501"]
[BlackElo "2333"]
[Result "1-0"]
[Round "1"]
[TimeControl "180+2"]
[Date "2023.06.13"]
[WhiteClock "0:00:04"]
[BlackClock "0:00:02"]
[Board "74"]

1. d4 Nf6 2. c4 e6 3. Nc3 Bb4 4. e3 O-O 5. Bd3 d5 6. a3 Bxc3+ 7. bxc3 dxc4 8. Bxc4 c5 9. Ne2 Qc7 10. Bd3 Nc6 11. O-O e5 12. Ng3 Rd8 13. f4 exd4 14. cxd4 cxd4 15. e4 Ng4 16. Qe2 Ne3 17. Bxe3 dxe3 18. Qxe3 Qb6 19. Qxb6 axb6 20. Bc4 Nd4 21. Bd5 Be6 22. Rad1 Bxd5 23. Rxd4 Bc6 24. Rxd8+ Rxd8 25. Rb1 b5 26. Rb3 Rd2 27. h4 g6 28. h5 Kg7 29. Kh2 Kh6 30. Rc3 f5 31. hxg6 hxg6 32. exf5 Rxg2+ 33. Kh3 Rf2 34. Kg4 Bd7 35. Rd3 Bc8 36. Rd6 Kg7 37. Rxg6+ Kf7 38. Rb6 Ra2 39. Ne4 Kf8 40. Kg5 Rxa3 41. Nd6 Ra6 42. Nxc8 Rxb6 43. Nxb6 b4 44. Nc4 b3 45. f6 b5 46. Nb2 Kf7 47. Kf5 1-0


[Site "https://www.chess.com"]

[Event "Titled Tuesday Blitz June 13 Late 2023"]
[White "Lalanne, Pablo"]
[Black "Herrera Reyes, Jose Antonio"]
[WhiteFideId "112151"]
[BlackFideId "2274914"]
[WhiteElo "2120"]
[BlackElo "2272"]
[Result "1-0"]
[Round "1"]
[TimeControl "180+2"]
[Date "2023.06.13"]
[WhiteClock "0:00:15"]
[BlackClock "0:00:37"]
[Board "75"]

1. e4 c5 2. Nf3 e6 3. d4 cxd4 4. Nxd4 a6 5. Bd3 Bc5 6. Nb3 Ba7 7. Nc3 Ne7 8. O-O O-O 9. Kh1 b5 10. a3 Bb7 11. f4 f5 12. Qe2 Nbc6 13. Be3 fxe4 14. Nxe4 Bxe3 15. Qxe3 Nf5 16. Qh3 Nce7 17. Rad1 Bc6 18. Ng5 h6 19. Nxe6 dxe6 20. Bxf5 Nxf5 21. Rxd8 Raxd8 22. Qc3 Rc8 23. Qe1 Bd5 24. Qf2 Rfd8 25. h3 Kh7 26. Kh2 Rc4 27. c3 Rc7 28. Nd4 Nd6 29. Re1 Ne4 30. Qh4 Rf8 31. Nxe6 Bxe6 32. Rxe4 Bf5 33. Re7 Rc6 34. Qg3 Rg6 35. Qe3 Rd8 36. g4 Bb1 37. f5 Rgd6 38. Qe5 Rd2+ 39. Kg3 Rg8 40. f6 Rd3+ 41. Kh4 Rdd8 42. Rxg7+ Rxg7 43. fxg7 Rg8 44. Qf6 Rxg7 45. Qxa6 Bd3 46. Qd6 Bc4 47. Qd4 Rf7 48. a4 Bf1 49. axb5 Bxb5 50. Qd5 Be8 51. Qe4+ Kg7 52. Qxe8 Rb7 53. Qe5+ Kf8 54. Qc5+ Ke8 55. Qc6+ Rd7 56. Kh5 Ke7 57. Qxd7+ Kxd7 58. Kxh6 Ke6 59. g5 Kf7 60. h4 Kg8 61. h5 Kh8 62. g6 Kg8 63. Kg5 Kg7 64. h6+ Kh8 65. Kf6 Kg8 66. h7+ Kh8 67. Ke6 Kg7 68. c4 Kh8 69. c5 1-0


[Site "https://www.chess.com"]

[Event "Titled Tuesday Blitz June 13 Late 2023"]
[White "Mahdavi, Reza"]
[Black "Manea, Alexandru"]
[WhiteFideId "12595926"]
[BlackFideId "1207660"]
[WhiteElo "2395"]
[BlackElo "2226"]
[Result "0-1"]
[Round "1"]
[TimeControl "180+2"]
[Date "2023.06.13"]
[WhiteClock "0:00:27"]
[BlackClock "0:01:53"]
[Board "76"]

1. e4 Nf6 2. e5 Nd5 3. d4 d6 4. c4 Nb6 5. exd6 cxd6 6. Nc3 g6 7. Be3 Bg7 8. Rc1 O-O 9. b3 Bf5 10. g4 Bd7 11. h4 e5 12. dxe5 dxe5 13. c5 Bc6 14. f3 Nd5 15. Nxd5 Bxd5 16. Bc4 Bxc4 17. Qxd8 Rxd8 18. Rxc4 Nc6 19. Ne2 Rd3 20. Kf2 Rad8 21. Rb1 a6 22. Ng3 Rd1 23. Rxd1 Rxd1 24. Ne4 Ra1 25. a4 Ra2+ 26. Kg3 Rb2 27. Nd2 f5 28. gxf5 gxf5 29. f4 e4 30. Kf2 Kf7 31. Ke1 Ke6 32. Rc1 Bd4 33. Ke2 Bxe3 34. Kxe3 Nb4 35. c6 bxc6 36. Rc5 Nd5+ 37. Ke2 e3 0-1


[Site "https://www.chess.com"]

[Event "Titled Tuesday Blitz June 13 Late 2023"]
[White "Pein, Jonathan"]
[Black "Bryakin, Mikhail"]
[WhiteFideId "417092"]
[BlackFideId "4165314"]
[WhiteElo "2151"]
[BlackElo "2464"]
[Result "0-1"]
[Round "1"]
[TimeControl "180+2"]
[Date "2023.06.13"]
[WhiteClock "0:00:01"]
[BlackClock "0:00:45"]
[Board "77"]

1. e4 c5 2. g3 e5 3. Bg2 Nc6 4. Ne2 d6 5. c3 g6 6. d4 Bg7 7. Be3 b6 8. O-O Nge7 9. d5 Nb8 10. a4 O-O 11. Na3 f5 12. f4 fxe4 13. Bxe4 Bf5 14. Bg2 Nd7 15. Nc4 Qc7 16. h3 h5 17. Qb3 Kh7 18. Rfe1 Rae8 19. Rad1 e4 20. Bf2 Ng8 21. Ne3 Ngf6 22. Qc4 Re7 23. b4 Qb7 24. b5 Rfe8 25. Ra1 Nf8 26. a5 Qc8 27. Kh2 Bh6 28. axb6 axb6 29. Ra6 Rb7 30. Rea1 Bd7 31. Qa4 g5 32. Ra8 Rb8 33. Ra7 gxf4 34. Nxf4 Bxf4 35. gxf4 Rb7 36. Bh4 Ng8 37. Bxe4+ Kh8 38. Rxb7 Qxb7 39. Rg1 Bxb5 40. Qa3 Rxe4 41. Nf5 Qf7 42. Rg5 Rxf4 43. Ne3 Nh7 44. Rg2 Re4 45. c4 Qf4+ 46. Rg3 Qxh4 47. Qc3+ Qf6 48. Qd2 Bd7 49. Qg2 Nh6 50. Qxe4 Nf7 51. Rf3 Qe5+ 52. Qf4 Qxf4+ 53. Rxf4 Kg7 54. Nf5+ Bxf5 55. Rxf5 Kg6 56. Rf1 Ne5 57. Rf4 Nf6 58. Kg2 Kg5 59. Rf1 Nxc4 60. h4+ Kg6 61. Re1 Ne5 62. Rb1 Nxd5 63. Rd1 Ne3+ 64. Kh3 Nxd1 65. Kh2 b5 66. Kh3 b4 0-1


[Site "https://www.chess.com"]

[Event "Titled Tuesday Blitz June 13 Late 2023"]
[White "Riehle, Marco"]
[Black "Gasparyan, David"]
[WhiteFideId "12904392"]
[BlackFideId "13311980"]
[WhiteElo "2462"]
[BlackElo "2421"]
[Result "0-1"]
[Round "1"]
[TimeControl "180+2"]
[Date "2023.06.13"]
[WhiteClock "0:00:16"]
[BlackClock "0:00:27"]
[Board "78"]

1. e4 c5 2. a3 e6 3. b4 cxb4 4. axb4 Nf6 5. e5 Nd5 6. b5 d6 7. c4 Nc7 8. exd6 Bxd6 9. Nf3 O-O 10. d4 Nd7 11. Bb2 b6 12. Bd3 Bb7 13. O-O Nf6 14. Nbd2 a6 15. bxa6 Nxa6 16. Ne5 Nb4 17. Rxa8 Qxa8 18. Ndf3 Nxd3 19. Qxd3 Qa2 20. Qb1 Ra8 21. Bc3 Qxb1 22. Rxb1 Ra3 23. Be1 Bc7 24. h3 Be4 25. Rc1 h6 26. c5 bxc5 27. Rxc5 Bxe5 28. dxe5 Nd5 29. Rc8+ Kh7 30. Rf8 Ra1 31. Kf1 Bd3+ 32. Kg1 Be2 33. Rxf7 Bxf3 34. Rxf3 Rxe1+ 35. Kh2 Rxe5 36. Ra3 Re2 37. Kg3 Nf6 38. f3 Nh5+ 39. Kh4 Kg6 40. g4 Nf4 41. Kg3 e5 42. Ra6+ Kh7 43. Ra7 Kg8 44. g5 Rg2+ 45. Kh4 hxg5# 0-1


[Site "https://www.chess.com"]

[Event "Titled Tuesday Blitz June 13 Late 2023"]
[White "Van Foreest, Machteld"]
[Black "Santos Ruiz, Miguel"]
[WhiteFideId "1051563"]
[BlackFideId "22291482"]
[WhiteElo "2018"]
[BlackElo "2499"]
[Result "0-1"]
[Round "1"]
[TimeControl "180+2"]
[Date "2023.06.13"]
[WhiteClock "0:00:17"]
[BlackClock "0:00:13"]
[Board "79"]

1. e4 c5 2. Nf3 e6 3. d4 cxd4 4. Nxd4 Nc6 5. Nc3 a6 6. Be3 Qc7 7. Qf3 Nge7 8. O-O-O Nxd4 9. Bxd4 Nc6 10. Be3 b5 11. Qg3 Ne5 12. Bd4 f6 13. f4 Ng6 14. e5 f5 15. h4 Bb7 16. h5 Ne7 17. Qh4 b4 18. Na4 Nd5 19. h6 g6 20. g4 Be7 21. Qf2 fxg4 22. Bg2 O-O 23. Bxd5 Bxd5 24. Nb6 Bxh1 25. Rxh1 Qc6 26. Rg1 Rab8 27. Rxg4 Rf5 28. Qg1 Kh8 29. Be3 Qf3 30. Nxd7 Rc8 31. Nc5 Bxc5 32. Bxc5 Rxf4 33. Rxf4 Qxf4+ 34. Be3 Qf5 35. Qd1 a5 36. b3 Kg8 37. Qd2 Qe4 38. Bf4 Qd5 39. Qe3 Qc5 40. Qd2 Qc3 41. Qe2 Qa1+ 42. Kd2 Qxa2 43. Qd3 Qb2 44. Ke1 Qc3+ 45. Qxc3 Rxc3 46. Kd1 Kf7 47. Kd2 a4 48. bxa4 Ra3 49. Be3 Rxa4 50. Bc5 g5 51. Bxb4 Rxb4 0-1


[Site "https://www.chess.com"]

[Event "Titled Tuesday Blitz June 13 Late 2023"]
[White "Kuznetsov, Felix"]
[Black "Fernandez, Maria Florencia"]
[WhiteFideId "34147990"]
[BlackFideId "116459"]
[WhiteElo "2281"]
[BlackElo "2074"]
[Result "1-0"]
[Round "1"]
[TimeControl "180+2"]
[Date "2023.06.13"]
[WhiteClock "0:00:13"]
[BlackClock "0:00:08"]
[Board "80"]

1. f4 d5 2. Nf3 c5 3. g3 Nc6 4. Bg2 Nf6 5. O-O Bf5 6. d3 e6 7. Nh4 Bg6 8. Nxg6 hxg6 9. e4 Be7 10. Nc3 dxe4 11. Nxe4 Nxe4 12. Bxe4 Bf6 13. c3 Qd7 14. Be3 Be7 15. a4 Rd8 16. Qf3 f5 17. Bxc6 Qxc6 18. Qxc6+ bxc6 19. Rfd1 Kf7 20. h4 Rd7 21. Kf2 Rhd8 22. Ke2 Rd5 23. a5 e5 24. c4 R5d7 25. fxe5 Ke6 26. a6 Kxe5 27. Ra5 Ke6 28. Bxc5 Bxc5 29. Rxc5 Kd6 30. d4 Re7+ 31. Kf3 Rde8 32. Rd3 Re1 33. b4 Rf1+ 34. Kg2 Rfe1 35. b5 cxb5 36. Rd5+ Kc6 37. Rxb5 R8e2+ 38. Kf3 Rc2 39. d5+ Kd6 40. c5+ Rxc5 41. Rxc5 Kxc5 42. d6 Re8 43. d7 Rd8 44. Kf4 Kc6 45. Kg5 Rxd7 46. Rxd7 Kxd7 47. Kxg6 Kc6 48. Kxg7 Kb6 49. h5 f4 50. gxf4 Kxa6 51. h6 Kb5 52. h7 a5 53. h8=Q a4 54. Qb8+ Ka5 55. Qb1 a3 56. Qa1 Ka4 57. f5 Kb3 58. f6 a2 59. f7 1-0


[Site "https://www.chess.com"]

[Event "Titled Tuesday Blitz June 13 Late 2023"]
[White "Gil Alba, Hector Luis"]
[Black "Klukin, Kirill"]
[WhiteFideId "3504670"]
[BlackFideId "24199273"]
[WhiteElo "2331"]
[BlackElo "2344"]
[Result "1-0"]
[Round "1"]
[TimeControl "180+2"]
[Date "2023.06.13"]
[WhiteClock "0:01:55"]
[BlackClock "0:01:20"]
[Board "81"]

1. e4 c5 2. Nf3 Nc6 3. Bb5 g6 4. O-O Bg7 5. Re1 Nf6 6. e5 Nd5 7. Nc3 Nc7 8. Bxc6 dxc6 9. Ne4 b6 10. d3 O-O 11. h3 Bf5 12. Ng3 Be6 13. Bd2 Qd7 14. Qc1 Rad8 15. Bh6 Bd5 16. Bxg7 Kxg7 17. Nh2 h5 18. Nxh5+ Kh7 19. Ng4 gxh5 20. Qh6+ Kg8 21. Nf6+ exf6 22. exf6 Ne6 23. Re5 Be4 24. Rxh5 1-0


[Site "https://www.chess.com"]

[Event "Titled Tuesday Blitz June 13 Late 2023"]
[White "Djordjevic, Vuk"]
[Black "Goncalves, Davi Sulzbacher"]
[WhiteFideId "902098"]
[BlackFideId "2154510"]
[WhiteElo "2463"]
[BlackElo "2182"]
[Result "1-0"]
[Round "1"]
[TimeControl "180+2"]
[Date "2023.06.13"]
[WhiteClock "0:01:47"]
[BlackClock "0:01:17"]
[Board "82"]

1. d4 g6 2. Nf3 Bg7 3. e4 d6 4. c3 Nf6 5. Bd3 O-O 6. O-O Nc6 7. b4 e5 8. b5 Nb8 9. dxe5 dxe5 10. Qe2 Bg4 11. Rd1 Nbd7 12. a4 Re8 13. Nbd2 c6 14. h3 Be6 15. Ng5 Nc5 16. Nxe6 Nxe6 17. Nc4 Qc7 18. g3 Rad8 19. Ba3 cxb5 20. axb5 Nc5 21. Bc2 b6 22. Bb4 Rxd1+ 23. Rxd1 Rd8 24. Rxd8+ Qxd8 25. Nxe5 Nfxe4 26. Nc6 Qd5 27. Ne7+ 1-0


[Site "https://www.chess.com"]

[Event "Titled Tuesday Blitz June 13 Late 2023"]
[White "Buchenau, Frank"]
[Black "Bordi, Kevin"]
[WhiteFideId "4604350"]
[BlackFideId "621862"]
[WhiteElo "2157"]
[BlackElo "2741"]
[Result "1-0"]
[Round "1"]
[TimeControl "180+2"]
[Date "2023.06.13"]
[WhiteClock "0:01:01"]
[BlackClock "0:01:41"]
[Board "83"]

1. e4 d5 2. exd5 Qxd5 3. Nc3 Qa5 4. d4 Nf6 5. Nf3 Nc6 6. Bd2 Bg4 7. Nb5 Qb6 8. c4 Bxf3 9. Qxf3 Nxd4 10. Nxd4 Qxd4 11. Qxb7 Qe4+ 12. Qxe4 Nxe4 13. Be3 e6 14. g3 a5 15. Bg2 f5 16. O-O-O Bd6 17. Bxe4 fxe4 18. Rd4 Rf8 19. Rxe4 Kf7 20. Rd1 a4 21. c5 Be7 22. Rd7 Rfc8 23. Bg5 Re8 24. Rf4+ Kg6 25. Bxe7 c6 26. Rg4+ Kf5 27. Rg5+ Ke4 28. Bd6 Ra5 29. Kd2 Rb5 30. Rg4+ Kf3 31. Rf4+ Kg2 32. Kc3 e5 33. Rxa4 e4 34. Re7 Rf8 35. Raxe4 Rf5 36. a4 Ra5 37. b3 Ra8 38. Rxg7 Rf3+ 39. Re3 1-0


[Site "https://www.chess.com"]

[Event "Titled Tuesday Blitz June 13 Late 2023"]
[White "Yanchenko, Roman"]
[Black "Droin, Augustin"]
[WhiteFideId "4137329"]
[BlackFideId "45105987"]
[WhiteElo "2491"]
[BlackElo "2333"]
[Result "1-0"]
[Round "1"]
[TimeControl "180+2"]
[Date "2023.06.13"]
[WhiteClock "0:00:40"]
[BlackClock "0:00:15"]
[Board "84"]

1. d4 d5 2. Nf3 Nf6 3. c4 e6 4. Nc3 c6 5. Bg5 dxc4 6. a4 Bb4 7. e3 b5 8. axb5 cxb5 9. g3 Bb7 10. Bg2 a6 11. O-O Nbd7 12. Ne5 Bxg2 13. Kxg2 Bxc3 14. Nxd7 Qxd7 15. Bxf6 Bxb2 16. Bxg7 Rg8 17. Qf3 Qd5 18. e4 Qb7 19. Ra2 Rxg7 20. Rxb2 O-O-O 21. Rd1 f5 22. d5 fxe4 23. Qxe4 exd5 24. Qd4 Re7 25. Ra2 Re4 26. Qc5+ Kb8 27. Rda1 d4 28. f3 Re6 29. Qf5 Rde8 30. Qf4+ Ka8 31. Qxd4 Re2+ 32. Rxe2 Rxe2+ 33. Kh3 Qc8+ 34. g4 Qc6 35. Qf4 c3 36. Qf8+ Kb7 37. Qf7+ Kb6 38. Qf8 Qc7 39. Qf6+ Kb7 40. Qxa6+ 1-0


[Site "https://www.chess.com"]

[Event "Titled Tuesday Blitz June 13 Late 2023"]
[White "Rangel, Daniel"]
[Black "Lin, Dachey"]
[WhiteFideId "2124475"]
[BlackFideId "2029650"]
[WhiteElo "2231"]
[BlackElo "2313"]
[Result "0-1"]
[Round "1"]
[TimeControl "180+2"]
[Date "2023.06.13"]
[WhiteClock "0:00:04"]
[BlackClock "0:01:15"]
[Board "85"]

1. d4 g6 2. c4 Bg7 3. Nc3 c5 4. Nf3 cxd4 5. Nxd4 Nc6 6. Nc2 Nf6 7. g3 Ne5 8. b3 O-O 9. Bg2 d6 10. O-O Rb8 11. Ne3 Be6 12. Bb2 a6 13. Qd2 b5 14. cxb5 axb5 15. Ncd5 Ned7 16. Nb4 Rc8 17. Nc6 Qe8 18. Rfc1 Nc5 19. Nd4 Bd7 20. Nd5 Nxd5 21. Bxd5 e6 22. Bg2 d5 23. e3 Qd8 24. Ba3 Qb6 25. Rc2 Rfd8 26. Rac1 Bf8 27. Bxc5 Bxc5 28. Bf1 b4 29. h4 h5 30. Nf3 Bd6 31. Bd3 Rxc2 32. Rxc2 Ra8 33. Qe2 e5 34. e4 Bg4 35. exd5 f5 36. Rc6 Qd8 37. Bc2 e4 38. Bxe4 fxe4 39. Qxe4 Bf5 40. Qe3 Rxa2 41. Qh6 Ra1+ 42. Kh2 Be4 43. Ng5 Rh1# 0-1


[Site "https://www.chess.com"]

[Event "Titled Tuesday Blitz June 13 Late 2023"]
[White "Simonian, Hrair"]
[Black "Abduzhaparov"]
[WhiteFideId "13302337"]
[WhiteElo "2447"]
[BlackElo "2411"]
[Result "1-0"]
[Round "1"]
[TimeControl "180+2"]
[Date "2023.06.13"]
[WhiteClock "0:02:15"]
[BlackClock "0:00:09"]
[Board "86"]

1. e4 d6 2. d4 Nf6 3. Nc3 e5 4. Nf3 Nbd7 5. Bc4 Be7 6. dxe5 Nxe5 7. Nxe5 dxe5 8. Qxd8+ Bxd8 9. f3 c6 10. a4 Bb6 11. a5 Bd4 12. Ne2 Bc5 13. c3 a6 14. b4 Ba7 15. Ng3 h5 16. Ke2 h4 17. Nf5 Bxf5 18. exf5 Nd5 19. Bd2 O-O-O 20. g3 f6 21. Bd3 Ne7 22. Be4 Rh5 23. g4 Rhh8 24. c4 Bd4 25. Rab1 Rd7 26. b5 cxb5 27. cxb5 axb5 28. Rxb5 Ba7 29. Rc1+ Kb8 30. Rcb1 Rhd8 31. Rxb7+ Kc8 32. Rc1+ 1-0


[Site "https://www.chess.com"]

[Event "Titled Tuesday Blitz June 13 Late 2023"]
[White "Sivakumar, Shaaketh"]
[Black "Shuvalova, Polina"]
[WhiteFideId "30940176"]
[BlackFideId "24171760"]
[WhiteElo "2174"]
[BlackElo "2281"]
[Result "0-1"]
[Round "1"]
[TimeControl "180+2"]
[Date "2023.06.13"]
[WhiteClock "0:02:04"]
[BlackClock "0:01:35"]
[Board "87"]

1. e4 c6 2. d4 d5 3. Nc3 dxe4 4. Nxe4 Nf6 5. Nxf6+ exf6 6. Nf3 Bd6 7. Be2 O-O 8. O-O Re8 9. b3 Bg4 10. h3 Bh5 11. Bb2 Nd7 12. c4 Rc8 13. Rc1 Bb8 14. a3 Qc7 15. g3 Nf8 16. Re1 Qd7 17. Kg2 Rcd8 18. Nd2 Rxe2 19. Rxe2 Bxe2 20. Qxe2 Re8 21. Qd3 Ne6 22. Nf3 Rd8 23. Rd1 h5 24. Qf5 Nf4+ 25. Qxf4 Bxf4 26. gxf4 Qf5 27. Kg3 Qc2 0-1


[Site "https://www.chess.com"]

[Event "Titled Tuesday Blitz June 13 Late 2023"]
[White "caropawn10"]
[Black "Kopczynski, Michal"]
[BlackFideId "1124200"]
[WhiteElo "2729"]
[BlackElo "2212"]
[Result "1/2-1/2"]
[Round "1"]
[TimeControl "180+2"]
[Date "2023.06.13"]
[WhiteClock "0:00:09"]
[BlackClock "0:00:07"]
[Board "88"]

1. d4 Nf6 2. c4 g6 3. Nc3 Bg7 4. g3 d6 5. Bg2 O-O 6. Nf3 Nfd7 7. O-O Nc6 8. h3 e5 9. d5 Ne7 10. e4 h6 11. Bd2 f5 12. Ne1 f4 13. Nd3 g5 14. g4 Ng6 15. f3 h5 16. Kf2 Nf6 17. Ke2 c5 18. Nf2 a6 19. a4 Bd7 20. Qb3 Rb8 21. Rg1 Nh4 22. Bh1 hxg4 23. hxg4 Ne8 24. Be1 Nc7 25. a5 Ne8 26. Nh3 Ng6 27. Bg2 b5 28. axb6 Rxb6 29. Qc2 Qb8 30. Ra2 Bh6 31. Bf1 Nf6 32. Kd1 Qb7 33. Be2 Rb8 34. Kc1 Rb4 35. Rh1 Kf7 36. Nf2 Kg7 37. Ncd1 Rb3 38. Bc3 Nh4 39. Rg1 Kf7 40. Nd3 Ng6 41. N1f2 Bf8 42. Rh1 Be7 43. Kd1 Rb6 44. Nh3 Ng8 45. Nhf2 Nf6 46. Kc1 Rh8 47. Rxh8 Nxh8 48. Kd2 Qc8 49. b4 cxb4 50. Bxb4 Ng6 51. Ba3 Nh4 52. c5 dxc5 53. Nxe5+ Kg7 54. Nc4 Rb8 55. Bb2 Kh7 56. Rxa6 Ne8 57. Ra2 Bb5 58. e5+ Kg8 59. Ne4 Ng2 60. d6 Bd8 61. Ra7 Ra8 62. Nxg5 Rxa7 63. Ne4 Ra2 64. Qb3 Rxb2+ 65. Nxb2+ c4 66. Bxc4+ Bxc4 67. Nxc4 Qe6 68. Qd3 Nh4 69. d7 Nc7 70. Ncd6 Ng6 71. Nc5 Nxe5 72. Nxe6 Nxd3 73. Nxd8 Nc5 74. Nc6 Nxd7 75. Nd4 Nd5 76. Ne4 Ne5 77. Kc2 Ne3+ 78. Kb3 Nxf3 79. Nxf3 Nxg4 80. Kc4 Kf7 81. Kd4 Kg6 82. Ne5+ Nxe5 83. Kxe5 f3 84. Kf4 f2 85. Nxf2 1/2-1/2


[Site "https://www.chess.com"]